 Dungeon Crawl Stone Soup version 0.17.1-3-g152610e (webtiles) character file.

791 Peloso the Shield-Bearer (level 7, 0/61 HPs)
             Began as a Minotaur Fighter on Apr 22, 2016.
             Was a Follower of Okawaru.
             Killed from afar by kay3's ghost (16 damage)
             ... with a bolt of negative energy
             ... on level 5 of the Dungeon.
             The game lasted 00:09:02 (3208 turns).

Peloso the Shield-Bearer (Minotaur Fighter)         Turns: 3208, Time: 00:09:02

Health: 0/61       AC: 12    Str: 26    XL:     7   Next: 57%
Magic:  0/6        EV: 15    Int:  5    God:    Okawaru [*.....]
Gold:   209        SH: 12    Dex: 11    Spells: 0 memorised, 6 levels left

rFire  . . .     SeeInvis .     a - +0 long sword
rCold  . . .     Clarity  .     x - +1 chain mail {rPois}
rNeg   . . .     SustAt   .     c - +0 shield
rPois  +         Gourm    .     (helmet restricted)
rElec  .         Spirit   +     (no cloak)
rCorr  .         Warding  .     (no gloves)
rMut   .         Stasis   .     (no boots)
MR     .....                    p - amulet of guardian spirit
Stlth  ..........               (no ring)
                                s - +5 ring of evasion

@: mighty, heroism, drained, not resistant to hostile enchantments, extremely
unstealthy
A: retaliatory headbutt, horns 2
a: Heroism, Renounce Religion


You were on level 5 of the Dungeon.
You worshipped Okawaru.
Okawaru was aware of your devotion.
You were hungry.

You visited 1 branch of the dungeon, and saw 5 of its levels.

You collected 209 gold pieces.

Inventory:

Hand Weapons
 a - a +0 long sword (weapon)
 w - a +7 club
 y - a cursed -3 short sword
 J - a +1 spear of venom
Armour
 b - a +0 scale mail
 c - a +0 shield (worn)
 j - a +0 chain mail
 x - a +1 chain mail of poison resistance (worn)
Jewellery
 p - an amulet of guardian spirit (around neck)
 s - a +5 ring of evasion (left hand)
 K - an uncursed ring of protection from fire {unknown}
Scrolls
 i - 3 scrolls of enchant armour {unknown}
 n - a scroll of recharging {unknown}
 t - a scroll of fear {unknown}
 u - a scroll of noise {unknown}
 v - a scroll of remove curse {unknown}
 B - a scroll of random uselessness {unknown}
 E - a scroll of fog {unknown}
 F - a scroll of teleportation {unknown}
 G - a scroll of enchant weapon {unknown}
 I - a scroll of identify
Potions
 g - a potion of lignification {unknown}
 k - 2 potions of brilliance
 l - a potion of magic {unknown}
 m - a potion of haste
 q - a potion of cure mutation
 r - 4 potions of agility
 z - a potion of berserk rage {unknown}
 A - a potion of curing {unknown}
 D - a potion of flight {unknown}
Books
 H - a book of Unlife

   Spells                             Type                      Level
   a - Recall                         Summoning/Translocation      3
   b - Animate Dead                   Necromancy                   4
   c - Control Undead                 Necromancy                   4
   d - Cigotuvi's Embrace             Necromancy                   5
   e - Death Channel                  Necromancy                   6
   f - Simulacrum                     Ice/Necromancy               6
Comestibles
 e - 3 bread rations
 f - a slice of pizza
 h - 3 meat rations
 o - a beef jerky
 C - 3 fruits
 L - a chunk of flesh


   Skills:
 + Level 5.6(9.3) Fighting
 + Level 5.6(9.4) Long Blades
 + Level 5.6(9.4) Armour
 + Level 2.7(6.6) Dodging
 + Level 6.4(10.1) Shields


You had 6 spell levels left.
You didn't know any spells.

Dungeon Overview and Level Annotations

Branches:
Dungeon (5/15)
 Temple: D:4-7

Altars:
Gozag
Okawaru
Qazlal
Ru
Vehumet
Yredelemnul
Zin

Shops:
D:4 ??:

Annotations:
D:5 kay3's ghost, novice DrIE


Innate Abilities, Weirdness & Mutations

You reflexively headbutt those who attack you in melee.
You have a pair of horns on your head.


Message History

Kay3's ghost barely misses you. You furiously retaliate!
You headbutt kay3's ghost, but do no damage.
Unknown command.
You hit kay3's ghost but do no damage.
Kay3's ghost is heavily damaged.
Kay3's ghost hits you but does no damage.
You miss kay3's ghost.
Kay3's ghost is heavily damaged.
Kay3's ghost hits you but does no damage.
You hit kay3's ghost.
Kay3's ghost is heavily damaged.
You block kay3's ghost's attack.
You miss kay3's ghost.
Kay3's ghost is heavily damaged.
Kay3's ghost misses you.
You hit kay3's ghost but do no damage.
Kay3's ghost is heavily damaged.
Kay3's ghost breathes negative energy at you.
The bolt of negative energy hits you!
You feel drained.
You die...

#..# ..P. #. #..#
..P^. .. #.##..##
..... #. #.##..##
#....#
#.##.##..##
).....#
##.[#.##..##
#P...
#.#.#.##..##
#.P.W##
#.#...##..##
#.@##
#.........##
##†P#
#.##..##..## ##.#
#.###.##..## #.##
#.# #..#..##
#..###'###..#..##
##.............##
###.......#.....
##......#.>...
#......#.....


You could see kay3's ghost.

Vanquished Creatures
  Sigmund (D:2)
  Duvessa (D:5)
  A phantom (D:4)
  Dowan (D:5)
  2 scorpions (D:5)
  Ijyb (D:2)
  2 giant frog skeletons (D:4)
  Natasha (twice) (D:2)
  A worker ant (D:5)
  7 adders
  2 worms
  3 giant geckos
  6 orcs (D:3)
  2 ball pythons
  3 giant cockroaches
  4 goblins
  5 hobgoblins
  6 jackals
  2 quokkas
  13 bats
  A giant gecko skeleton (D:5)
  4 giant newts
  9 kobolds
  6 rats
85 creatures vanquished.

Vanquished Creatures (others)
  A minotaur (D:1)
  A troll (D:1)
  3 elves (D:1)
  A spriggan (D:1)
  A formicid (D:1)
  A vampire (D:1)
  2 humans (D:1)
  A centaur (D:1)
  A mummy (D:1)
  2 fungi (D:5)
  4 tentacles (D:1)
  49 tentacle segments (D:1)
67 creatures vanquished.

Grand Total: 152 creatures vanquished

Notes
Turn   | Place    | Note
--------------------------------------------------------------
     0 | D:1      | Peloso the Minotaur Fighter began the quest for the Orb.
     0 | D:1      | Reached XP level 1. HP: 19/19 MP: 0/0
     0 | D:1      | Noticed a centaur
     0 | D:1      | Noticed an elf
     0 | D:1      | Noticed an elf
     0 | D:1      | Noticed a kraken
     0 | D:1      | Noticed a minotaur
     0 | D:1      | Noticed a troll
     0 | D:1      | Noticed a human
     0 | D:1      | Noticed a human
     0 | D:1      | Noticed an elf
     0 | D:1      | Noticed a spriggan
     0 | D:1      | Noticed a vampire
     0 | D:1      | Noticed a formicid
     3 | D:1      | Killed a minotaur
     5 | D:1      | Killed a human
     7 | D:1      | Killed a spriggan
     7 | D:1      | Killed an elf
     7 | D:1      | Killed a formicid
     9 | D:1      | Killed a vampire
     9 | D:1      | Killed an elf
    10 | D:1      | Killed an elf
    11 | D:1      | Killed a human
    11 | D:1      | Killed a troll
    12 | D:1      | Killed a centaur
   150 | D:1      | Reached XP level 2. HP: 25/27 MP: 1/1
   177 | D:1      | Reached skill level 4 in Shields
   933 | D:2      | Reached XP level 3. HP: 33/33 MP: 2/2
   954 | D:2      | Found a glowing silver altar of Zin.
   954 | D:2      | Found a basalt altar of Yredelemnul.
  1076 | D:2      | Noticed Natasha
  1096 | D:2      | Killed Natasha
  1096 | D:2      | Reached XP level 4. HP: 27/40 MP: 3/3
  1251 | D:2      | Noticed Natasha
  1262 | D:2      | Killed Natasha
  1267 | D:2      | Reached skill level 1 in Dodging
  1342 | D:2      | Noticed Ijyb
  1353 | D:2      | Killed Ijyb
  1388 | D:2      | Noticed Sigmund
  1406 | D:2      | Killed Sigmund
  1406 | D:2      | Reached skill level 5 in Shields
  1406 | D:2      | Reached XP level 5. HP: 30/47 MP: 4/4
  1406 | D:2      | Reached XP level 6. HP: 35/55 MP: 5/5
  2239 | D:4      | Found Eqoddeyf's Book Shop.
  2249 | D:4      | Found an opulent altar of Gozag.
  2278 | D:4      | Found Textata's Magic Scroll Emporium.
  2373 | D:4      | Found a sacrificial altar of Ru.
  2477 | D:4      | Found a stormy altar of Qazlal.
  2538 | D:4      | Found an iron altar of Okawaru.
  2555 | D:4      | Became a worshipper of Warmaster Okawaru
  2567 | D:4      | Reached skill level 5 in Fighting
  2567 | D:4      | Reached skill level 5 in Armour
  2784 | D:4      | Found a radiant altar of Vehumet.
  2808 | D:4      | Found Lusepum's Magic Scroll Shop.
  2908 | D:5      | Entered Level 5 of the Dungeon
  2978 | D:5      | Noticed Duvessa
  2978 | D:5      | Noticed Dowan
  3001 | D:5      | Killed Duvessa
  3001 | D:5      | Reached * piety under Okawaru
  3001 | D:5      | Reached skill level 5 in Long Blades
  3001 | D:5      | Reached skill level 6 in Shields
  3001 | D:5      | Reached XP level 7. HP: 61/61 MP: 6/6
  3020 | D:5      | Killed Dowan
  3178 | D:5      | Noticed kay3's ghost (novice DrIE)
  3208 | D:5      | Killed from afar by kay3's ghost

Action                   |  1- 3 |  4- 6 |  7- 9 || total
-------------------------+-------+-------+-------++-------
Melee: Long sword        |   116 |   127 |    63 ||   306
Invok: Heroism           |       |       |     1 ||     1
  Use: Scroll            |       |     6 |       ||     6
       Potion            |       |       |     1 ||     1
  Eat: Chunk             |     1 |     4 |       ||     5
       Fruit             |       |       |     1 ||     1
       Beef jerky        |       |       |     1 ||     1
